 Dungeon Crawl Stone Soup version 0.23-a0-292-g6cc01a3c85 (webtiles) character file.

47 MirrMurr the Poker (level 3, -2/26 HPs)
             Began as an Octopode Berserker on Oct 4, 2018.
             Was a Believer of Trog.
             Slain by a worker ant (7 damage)
             ... on level 2 of the Dungeon.
             The game lasted 00:02:19 (1181 turns).

MirrMurr the Poker (Octopode Berserker)             Turns: 1181, Time: 00:02:19

Health: -2/26      AC:  1    Str: 17    XL:     3   Next: 70%
Magic:  3/3        EV: 11    Int:  9    God:    Trog [**....]
Gold:   64         SH:  7    Dex: 11    Spells: 2/2 levels left

rFire    . . .     SeeInvis .   a - +0 spear
rCold    . . .     Gourm    .   d - +0 shield
rNeg     . . .     Faith    .   (helmet restricted)
rPois    .         Spirit   .   (no amulet)
rElec    .         Reflect  .   (no ring)
rCorr    .         Harm     .   (no ring)
MR       .....                  (no ring)
Stlth    +++.......             (no ring)
HPRegen  0.08/turn              (no ring)
MPRegen  0.08/turn              (no ring)
                                (no ring)
                                (no ring)

@: lethally poisoned (-2 -> -5)
A: almost no armour, stealthy swim, amphibious, 8 rings, constrict 8, camouflage
1, gelatinous body 1
a: Berserk, Trog's Hand, Renounce Religion


You were on level 2 of the Dungeon.
You worshipped Trog.
Trog was pleased with you.
You were not hungry.

You visited 1 branch of the dungeon, and saw 2 of its levels.

You collected 64 gold pieces.

Inventory:

Hand Weapons
 a - a +0 spear (weapon)
 g - a +0 dagger of electrocution
Missiles
 e - 56 stones (quivered)
 h - 10 poisoned needles
Armour
 d - a +0 shield (worn)
Scrolls
 r - a scroll of remove curse
Potions
 c - a potion of haste
 i - a potion of might {unknown}
 l - a potion of heal wounds {unknown}
 n - a potion of curing
Comestibles
 b - 3 rations


   Skills:
 + Level 3.3 Fighting
 * Level 3.6 Polearms
 + Level 3.2 Dodging
 + Level 1.6 Stealth
 + Level 0.6 Shields


You had 2 spell levels left.
You didn't know any spells.
Your spell library was empty.

Dungeon Overview and Level Annotations

Branches:
Dungeon (2/15)

Altars:
Okawaru


Innate Abilities, Weirdness & Mutations

You cannot wear most types of armour.
You are very stealthy in the water. (Stealth+)
You are amphibious.
You can wear up to eight rings at the same time.
You can use your tentacles to constrict eight enemies at once.
Your skin changes colour to match your surroundings (Stealth+).
Your rubbery body absorbs attacks. (AC +1, EV +1)


Message History

You constrict the worker ant, but do no damage.
The worker ant bites you.
You are too injured to fight recklessly!
You release your grip on the worker ant.
You feel sick.
You feel sick. You block the worker ant's attack.
Okay, then.
You closely miss the worker ant. Your grab misses the worker ant.
The worker ant is heavily wounded.
You feel sick. The worker ant closely misses you.
You hit the worker ant. You grab the worker ant.
The worker ant is severely wounded.
You constrict the worker ant. The worker ant bites you.
* * * LOW HITPOINT WARNING * * *
You hit the worker ant.
The worker ant is almost dead.
You constrict the worker ant, but do no damage.
The worker ant bites you!
You die...

#.#.# .... #.#.# ...
##.#.# #.# #....#####.#
#..........####
#...###.<.....# ##.##
#.......# #...#
#.......###.#
#.#@#.##...........#
####.##a##.#.......###.#
#...##..# #........#
.#..#w###.#.......#
##.#.#..##.##########
#.$.....#.# #...#.%..#
#..#.#..## #.#._.#..


You could see a worm and a worker ant.

Vanquished Creatures
  A gnoll (D:1)
  An ooze (D:1)
  2 dart slugs (D:1)
  4 bats (D:1)
  A giant cockroach (D:1)
  A goblin (D:1)
  4 hobgoblins
  4 jackals (D:1)
  5 kobolds (D:1)
  2 frilled lizards
  2 rats (D:1)
27 creatures vanquished.

Notes
Turn   | Place    | Note
-------+----------+-------------------------------------------
     0 | D:1      | MirrMurr the Octopode Berserker began the quest for the
                  | Orb.
     0 | D:1      | Reached XP level 1. HP: 16/16 MP: 1/1
   119 | D:1      | Reached XP level 2. HP: 18/21 MP: 2/2
   123 | D:1      | Reached skill level 1 in Stealth
   482 | D:1      | Reached XP level 3. HP: 14/26 MP: 3/3
  1163 | D:2      | Reached ** piety under Trog
  1165 | D:2      | Found an iron altar of Okawaru.
  1181 | D:2      | Slain by a worker ant

Vault maps used:
D:1:      dpeg_arrival_short_road
D:2:      nicolae_ru_awakened_eye, okawaru_metal_pillars_3

Skill      XL: |  1  2 |
---------------+-------+-----
Stealth        | 1 |  1.6
Fighting       | |  3.3
Polearms       | |  3.6
Dodging        | |  3.2
Shields        | |  0.6

Action                   || total
-------------------------++-------
Melee: Spear             ||    74
       Constrict         ||    15
       Tentacles         ||    12
  Use: Scroll            ||     4
 Stab: Sleeping          ||    10
  Eat: Chunk             ||     1
Armor: Skin              ||     3
Dodge: Dodged            ||    25
Block: Shield            ||     9

Table legend:
 A = Non-vault XP
 B = Vault XP
 C = Vault XP percentage of total XP
 D = Non-vault monster count
 E = Vault monster count
 F = Vault count percentage of total count
                 A         B        C        D         E       F
            +---------+---------+-------+---------+---------+-------
      Total |      68 |       0 |   0.0 |      27 |       0 |   0.0
            +---------+---------+-------+---------+---------+-------
        D:1 |      65 |       0 |   0.0 |      25 |       0 |   0.0
        D:2 |       3 |       0 |   0.0 |       2 |       0 |   0.0
            +---------+---------+-------+---------+---------+-------
